 Dungeon Crawl Stone Soup version 0.30-a0-881-g1ff12e1e11 (webtiles) character file.

Game seed: 7210522262380501734

220209 dolemite99 the Warrior (level 19, -2/156 (162) HPs)
             Began as a Djinni Air Elementalist on Mar 14, 2023.
             Was a High Priest of Ashenzari.
             Killed from afar by a starcursed mass (7 damage)
             ... with an accursed screaming
             ... on level 3 of the Abyss on Mar 15, 2023.
             The game lasted 01:45:19 (70784 turns).

dolemite99 the Warrior (Djinni Air Elementalist)   Turns: 70784, Time: 01:45:20

HP:   -2/156 (162)  AC: 19    Str:  7    XL:     19   Next: 92%
Gold: 1897          EV: 22    Int: 26    God:    Ashenzari [*****.] SH: 12 Dex: 17

rFire   + + .      SeeInvis +    b - +7 scimitar (flame)
rCold   + . .      Faith    .    U - +0 kite shield of Ashenzari's Vision {reflect, Cun, Self} (curse)
rNeg    + . .      Spirit   .    y - +3 leather armour "Bitterness of Ashenzari" {rN+, Evo, Fort} (curse)
rPois   ∞          Reflect  +    D - +2 helmet of the Omniscient Stars {Cun, Evo} (curse)
rElec   .          Rampage  .    n - +1 cloak of the Manifest Mutualism {Self, Range} (curse)
rCorr   .          Clarity  +    p - +0 pair of gloves "Oscillating Fan" {rC+ Regen+ Int+4, Self, Evo} (curse)
Will    +....                    (boots unavailable)
Stlth   ++++                     G - amulet "Visionary Heresy" {Acrobat, Fort, Melee} (curse)
HPRegen 1.26/turn                c - ring "Omniscient Awkwardness" {rC+, Evo, Range} (curse)
MPRegen 0.00/turn                E - +4 ring of protection

@: mighty, flying, lightly drained
A: sickness immunity, fire resistance 2, cold vulnerability 1, float, innate
caster, HP casting, extra vitality 1
}: 1/15 runes: serpentine
a: Renounce Religion, Curse Item, Shatter the Chains


You were on level 3 of the Abyss.
You worshipped Ashenzari.
Ashenzari was extremely pleased with you.
You visited 6 branches of the dungeon, and saw 31 of its levels.
You visited the Abyss 1 time.

You collected 2818 gold pieces.
You spent 921 gold pieces at shops.

Inventory:

Hand Weapons
 b - a +7 scimitar of flaming (weapon)
 h - a +4 long sword of electrocution
 v - a +1 heavy sling
 z - the +5 dagger of the Forgotten Planets {antimagic, rC+}
   (You found it on level 6 of the Dungeon)

   rC:        It protects you from cold.
 C - the +10 flail of the Jester {heavy, +Blink rCorr}
   (You bought it in a shop on level 2 of the Orcish Mines)

   +Blink:    It lets you blink.
   rCorr:     It protects you from acid and corrosion.
 L - a +2 scimitar of holy wrath
 R - a +4 demon trident of electrocution
Missiles
 i - 45 poisoned darts (quivered)
 s - 6 javelins
 t - 5 curare-tipped darts
 K - a throwing net
 Q - 8 boomerangs
 Z - a boomerang of dispersal
Armour
 n - the cursed +1 cloak of the Manifest Mutualism (worn) {Self, Range}
   (You found it on level 3 of the Dungeon)

   It has a curse which improves the following skills: Introspection: Fighting
   and Spellcasting.
   Ranged Combat: Ranged Weapons and Throwing.
 p - the cursed +0 pair of gloves "Oscillating Fan" (worn) {rC+ Regen+ Int+4, Self, Evo}
   (You acquired it on level 6 of the Dungeon)

   Int:       It affects your intelligence (+4).
   rC:        It protects you from cold.
   Regen:     It increases your rate of health regeneration.
   It has a curse which improves the following skills: Introspection: Fighting
   and Spellcasting.
   Evocations: Evocations.
 y - the cursed +3 leather armour "Bitterness of Ashenzari" (worn) {rN+, Evo, Fort}
   (You took it off Duvessa on level 5 of the Dungeon)

   It has a curse which improves the following skills: Evocations: Evocations.
   Fortitude: Armour and Shields.
 D - the cursed +2 helmet of the Omniscient Stars (worn) {Cun, Evo}
   (You found it on level 2 of the Elven Halls)

   It has a curse which improves the following skills: Cunning: Dodging and
   Stealth.
   Evocations: Evocations.
 H - +2 acid dragon scales
 J - a +2 cloak of preservation
 U - the cursed +0 kite shield of Ashenzari's Vision (worn) {reflect, Cun, Self}
   (You took it off Donald on level 2 of the Orcish Mines)

   It has a curse which improves the following skills: Cunning: Dodging and
   Stealth.
   Introspection: Fighting and Spellcasting.
Magical Staves
 a - a staff of air
 w - a staff of conjuration
Jewellery
 c - the cursed ring "Omniscient Awkwardness" (left hand) {rC+, Evo, Range}
   (You found it on level 1 of the Dungeon)

   [ring of protection from cold]

   rC:        It protects you from cold.
   It has a curse which improves the following skills: Evocations: Evocations.
   Ranged Combat: Ranged Weapons and Throwing.
 j - a ring of protection from fire
 E - a +4 ring of protection (right hand)
 F - a ring of wizardry
 G - the cursed amulet "Visionary Heresy" (around neck) {Acrobat, Fort, Melee}
   (You found it on level 8 of the Dungeon)

   [amulet of the acrobat]

   It increases your evasion while moving and waiting.
   It has a curse which improves the following skills: Fortitude: Armour and
   Shields.
   Melee Combat: Short Blades, Long Blades, Axes, Maces & Flails, Polearms,
   Staves and Unarmed Combat.
Wands
 o - a wand of digging (7)
 u - a wand of polymorph (8)
 A - a wand of mindburst (6)
 B - a wand of flame (59)
 S - a wand of charming (9)
Scrolls
 d - a scroll of silence
 f - 2 scrolls of fog
 m - 10 scrolls of immolation
 x - 4 scrolls of poison
 N - 4 scrolls of noise
 O - 5 scrolls of magic mapping
Potions
 e - 7 potions of might
 k - 2 potions of resistance
 l - 3 potions of curing
 q - 3 potions of cancellation
 M - a potion of attraction
 W - 2 potions of brilliance
Miscellaneous
 P - a phial of floods (inert)
 X - a lightning rod (inert)


   Skills:
 - Level 18.5(22.7) Fighting
 - Level 4.2(6.4) Long Blades
 - Level 7.7(11.2) Throwing
 - Level 9.4(12.8) Armour
 - Level 16.9(20.2) Dodging
 + Level 4.3(7.5) Stealth
 - Level 7.6(11.1) Shields
 - Level 13.3(17.8) Spellcasting
 - Level 12.8(18.3) Evocations


You knew the following spells:

 Your Spells              Type           Power      Damage    Failure   Level
a - Conjure Ball Lightni  Conj/Air       43%        3x3d15    1%          6
b - Scorch                Fire           100%       2d10      0%          2
c - Monstrous Menagerie   Summ           43%        N/A       3%          7
d - Airstrike             Air            43%        2d(7-23)  1%          4
e - Shock                 Conj/Air       100%       1d9       0%          1
f - Swiftness             Air            86%        N/A       0%          3
g - Slow                  Hex            100%       N/A       0%          1
h - Petrify               Tmut/Erth      86%        N/A       1%          4
i - Passage of Golubria   Tloc           86%        N/A       1%          4
j - Kindle Blastsparks    Fire/Tloc/Air  100%       2d18      0%          3
k - Lee's Rapid Deconstr  Erth           43%        3d21*     1%          5
l - Static Discharge      Conj/Air       100%       2-7/arc   0%          2
z - Summon Cactus Giant   Summ           43%        N/A       1%          6
Your spell library was empty.

Dungeon Overview and Level Annotations

Branches:
Dungeon (15/15)            Temple (0/1) D:4            Lair (5/5) D:11
 Shoals (2/4) Lair:3        Snake (4/4) Lair:2        Slime (0/5) Lair:5
    Orc (2/2) D:9             Elf (3/3) Orc:2        Vaults (0/5) D:14
 Depths (0/4) D:15

Altars:
Ashenzari
Dithmenos
Elyvilon
Fedhas
Hepliaklqana
Makhleb
Okawaru
Qazlal
Ru
Uskayaw
Xom
Yredelemnul
Zin
Jiyva

Shops:
D:1 :   D:3 [   Orc:2 ([!:   Snake:2 *

Portals:
Hell: Lair:5

Annotations:
D:7 exclusion: downstairs
Lair:1 exclusion: downstairs
Lair:4 exclusion: downstairs
Shoals:2 Jorgrun; Mlioglotl
Snake:1 exclusion: downstairs
Snake:4 1 runed translucent door, ooooo's ghost, adept DsCj


Innate Abilities, Weirdness & Mutations

You are immune to sickness and miasma.
You are immune to poison.
Your flesh is very heat resistant. (rF++)
You are vulnerable to cold. (rC-)
You float through the air rather than walking.
You learn spells naturally, not from books.
Your magical power is your life essence.
You have superior vitality. (+4 MHP)


Message History

* * * LOW HITPOINT WARNING * * *
The starspawn tentacle completely misses you.
The starspawn tentacle grabs you. The starspawn tentacle constricts you.
* * * LOW HITPOINT WARNING * * *
You sock the starspawn tentacle!
The starspawn tentacle is almost destroyed.
The starspawn tentacle constricts you.
The starspawn tentacle loses its grip on you.
The tentacle pulls you backwards!
The reaper hits you from afar with a +3 scythe of venom!!
* * * LOW HITPOINT WARNING * * *
You block the starspawn tentacle's attack.
The starspawn tentacle grabs you. The starspawn tentacle constricts you.
The tentacle pulls you backwards!
The starspawn tentacle loses its grip on you.
A starcursed mass splits.
You sock the starspawn tentacle!
You destroy the starspawn tentacle!
The starcursed mass misses you. The reaper completely misses you.
You block the starcursed mass's attack.
You block the tentacled starspawn's attack. x2
Casting: Passage of Golubria (safe; 1% risk of failure)
Confirm with . or Enter, or press ? or * to list all spells.
Okay, then.
Okay, then.
Okay, then.
Your +7 scimitar of flaming bursts into flame!
b - a +7 scimitar of flaming (weapon)
The reaper hits you from afar with a +3 scythe of venom.
* * * LOW HITPOINT WARNING * * *
You block the small abomination's attack.
You block the tentacled starspawn's attack. x2
The starcursed mass misses you.
You feel very mighty all of a sudden. You block the reaper's attack.
You block the orange demon's attack. The small abomination misses you.
The tentacled starspawn bites you!
* * * LOW HITPOINT WARNING * * *
The tentacled starspawn barely misses you.
A chorus of shrieks assaults your mind.
You die...

,, ,,§§§§ *,* *
, , , ,*#...#*,
, *,* * ,
*,,*#..#. *, ,,
* * ,,
##....#####
,,** , ,
*#..A..§...#
,,* *,,,
#,.....X..#*
*,*, * , , * ,,
,,#...4## , ,*
,, ,,
,#..##WX## , ,
* * * ...#
#{#@#.#.#.. , ,
,* , ,, #.#*
#.##xX....# *,,
* ,,.* ,#
....2....#.# ,
,
*..#....X.#..#,
* * *#
#..##..#...#*,
*, * ,* *, ....
..#. #..# , * ,
, * * ....
,.#... .#.,,,,
* , ..# *
.*..#, . , ,* ,
** ,* * .#,
##*.## , , ,


You could see a profane servitor (agile, confused), 2 starcursed masses, 2
tentacled starspawn, a reaper, an eidolon (resistant), an orange demon and a
small abomination.

Vanquished Creatures
  Vashnia (Snake:2)
  A deep elf blademaster (Elf:2)
  A tentacled starspawn (Abyss:3)
  Donald (Orc:2)
  4 nagarajas
  A deep elf sorcerer (Elf:1)
  Aizul (Shoals:1)
  An ironbound preserver (D:14)
  A deep elf annihilator (Elf:3)
  A merfolk javelineer (Shoals:2)
  A merfolk impaler (Shoals:1)
  4 centaur warriors
  3 hydras
  A merfolk avatar (Shoals:1)
  4 anacondas
  6 salamander tyrants (Snake:4)
  3 boulder beetles (D:11)
  Erica (D:11)
  A merfolk aquamancer (Lair:3)
  15 dancing weapons
  4 two-headed ogres
  A tengu warrior (D:15)
  15 naga sharpshooters
  12 naga warriors
  4 orc high priests (Orc:2)
  A shock serpent (Snake:3)
  9 deep elf knights
  A skyshark (Lair:4)
  A large abomination (Abyss:3)
  5 salamander mystics (Snake:4)
  6 skeletal warriors
  A sixfirhy (Lair:5)
  4 sea snakes
  Lodul (D:10)
  8 naga ritualists
  2 wizards
  7 deep elf archers
  6 mana vipers
  A harpy (Shoals:1)
  12 deep elf zephyrmancers
  12 deep elf pyromancers
  8 ugly things
  4 manticores
  A manticore (shapeshifter) (D:13)
  4 orc sorcerers
  2 fauns (Shoals:1)
  4 merfolk sirens
  3 cyclopes
  5 elephants (Lair:4)
  17 salamanders
  A guardian serpent (Snake:2)
  2 water nymphs
  An apocalypse crab (Abyss:3)
  29 black mambas
  17 naga magi
  2 orange demons (Lair:5)
  2 torpor snails
  A smoke demon (Abyss:3)
  2 unseen horrors (shapeshifter)
  9 cane toads
  3 freezing wraiths
  2 efreet
  A kobold demonologist (D:14)
  6 komodo dragons
  A redback zombie (D:15)
  An ice devil (Lair:5)
  5 rime drakes
  2 red devils (Lair:5)
  A troll (D:14)
  5 merfolk
  6 meliai
  A hornet (D:8)
  2 polar bears (Lair:1)
  A hornet (shapeshifter) (D:13)
  A tarantella (shapeshifter) (D:14)
  45 blink frogs
  20 dream sheep
  2 wind drakes (Shoals:1)
  3 snapping turtles
  2 raiju (Abyss:3)
  2 centaur simulacra (D:15)
  3 shadows
  An air elemental (Elf:3)
  3 wraiths
  5 water elementals
  4 wyverns
  2 basilisks
  48 yaks
  3 fire elementals
  10 vampire mosquitoes
  3 steam dragons
  2 wargs
  Menkaure (D:6)
  Edmund (D:6)
  39 nagas
  3 acid dragons
  Duvessa (D:5)
  8 water moccasins
  3 hell hounds (Lair:5)
  12 orc warriors
  2 black bears (D:6)
  3 nameless horrors
  A sky beast (D:6)
  7 wolves
  2 small abominations (Abyss:3)
  7 centaurs
  7 ogres
  A phantom (D:5)
  3 kobold brigands
  Blork the orc (D:6)
  15 bullfrogs
  5 scorpions
  2 gnoll sergeants (D:9)
  3 earth elementals (Elf:3)
  3 wights (D:6)
  Dowan (D:5)
  10 killer bees
  2 electric eels (Lair:3)
  3 howler monkeys (D:8)
  A lava snake (D:13)
  7 hounds
  A jelly (D:7)
  21 orc priests
  Jessica (D:3)
  2 gnoll boudas
  4 iguanas
  Terence (D:3)
  3 sleepcaps
  24 orc wizards
  A boggart skeleton (D:15)
  17 gnolls
  13 adders
  A shadow imp (D:7)
  A white imp (D:6)
  3 ufetubi (Abyss:3)
  2 worms
  2 dart slugs
  42 orcs
  7 ball pythons
  4 bats
  8 endoplasms
  2 giant cockroaches (D:1)
  14 goblins
  5 hobgoblins
  8 jackals
  2 quokkas
  A frilled lizard (D:3)
  20 kobolds
  7 rats
  A fire vortex (D:13)
  A starspawn tentacle (Abyss:3)
848 creatures vanquished.

Vanquished Creatures (collateral kills)
  Rupert (Lair:4)
  A nagaraja (Snake:2)
  Louise (Elf:2)
  A deep elf elementalist (Elf:3)
  A very ugly thing (Abyss:3)
  A deep elf demonologist (Elf:2)
  A dire elephant (Lair:5)
  The ghost of jasper the Thaumaturge, a journeyman DgCj (Lair:2)
  A deep elf death mage (Elf:3)
  6 hydras
  An ogre mage (D:15)
  A death knight (D:12)
  3 anacondas
  13 dancing weapons
  3 two-headed ogres (D:15)
  A boulder beetle (Lair:5)
  2 naga warriors (Snake:1)
  2 naga sharpshooters (Snake:1)
  A soul eater (Abyss:3)
  6 deep elf knights
  A skeletal warrior (D:14)
  An orc knight (D:15)
  7 deep elf pyromancers
  7 deep elf zephyrmancers
  A deep elf archer (Elf:2)
  A mana viper (Snake:1)
  5 ugly things
  An orc sorcerer (Abyss:3)
  2 salamanders (Snake:1)
  7 black mambas
  2 elephants
  A guardian serpent (Snake:1)
  A guardian serpent (shapeshifter) (D:14)
  2 gargoyles (D:14)
  2 smoke demons
  A naga mage (Snake:1)
  A komodo dragon (Lair:5)
  2 ancient zymes (Abyss:3)
  A polar bear (Lair:5)
  3 blink frogs (Lair:5)
  4 dream sheep (Lair:5)
  3 raiju (Abyss:3)
  A ynoxinul (Abyss:3)
  2 air elementals
  2 water elementals (Elf:2)
  A fire elemental (Elf:1)
  2 basilisks
  3 yaks (Lair:5)
  A basilisk (shapeshifter) (Elf:2)
  A redback simulacrum (D:14)
  A harpy simulacrum (Abyss:3)
  5 nagas
  2 orc warriors (D:15)
  3 wolves (Lair:5)
  5 small abominations (Abyss:3)
  2 ogres (D:15)
  A bullfrog (Lair:4)
  A nameless horror (Elf:1)
  A gnoll sergeant (D:6)
  4 starcursed masses (Abyss:3)
  3 gnolls (D:6)
  2 ufetubi (Abyss:3)
  2 orcs (D:15)
  A kobold (D:14)
  13 ball lightnings
163 creatures vanquished.

Vanquished Creatures (others)
  A deep elf pyromancer (Elf:2)
  A salamander (Snake:1)
  Maurice (D:8)
  A nameless horror (Elf:2)
  A raiju (Abyss:3)
  A water moccasin (Lair:2)
  413 ball lightnings
  44 fungi
  88 plants
  29 starspawn tentacles (Abyss:3)
580 creatures vanquished.

Grand Total: 1591 creatures vanquished

Notes
Turn   | Place    | Note
-------+----------+-------------------------------------------
     0 | D:1      | dolemite99 the Djinni Air Elementalist began the quest for
                  | the Orb.
     0 | D:1      | dolemite99 set off with the following spells memorised:
                  | Shock, Static Discharge, Swiftness, Airstrike.
     0 | D:1      | Reached XP level 1. HP: 15/15 MP: 0/0
    28 | D:1      | Reached XP level 2. HP: 11/21 MP: 0/0
   665 | D:1      | Reached XP level 3. HP: 24/25 MP: 0/0
   665 | D:1      | Learned a level 1 spell: Slow
  1150 | D:1      | Found Foawoann's Book Shop.
  1239 | D:2      | Reached XP level 4. HP: 25/31 MP: 0/0
  1647 | D:2      | Found a faded altar of an unknown god.
  2097 | D:3      | Reached XP level 5. HP: 34/35 MP: 0/0
  2097 | D:3      | Learned a level 2 spell: Scorch
  2104 | D:3      | Found a glowing silver altar of Zin.
  2217 | D:3      | Found a sacrificial altar of Ru.
  2446 | D:3      | Noticed Jessica
  2449 | D:3      | Killed Jessica
  2605 | D:3      | Found a hazy altar of Hepliaklqana.
  2605 | D:3      | Found an iron altar of Okawaru.
  2637 | D:3      | Found Paruv's Antique Armour Shoppe.
  2805 | D:3      | Reached XP level 6. HP: 36/40 MP: 0/0
  2843 | D:3      | Found a faded altar of an unknown god.
  2843 | D:3      | Noticed Terence
  2858 | D:3      | Killed Terence
  2859 | D:3      | Reached skill level 5 in Spellcasting
  3006 | D:3      | Found a broken altar of Ashenzari.
  3260 | D:4      | Found a staircase to the Ecumenical Temple.
  3282 | D:3      | Became a worshipper of Ashenzari the Shackled
  3497 | D:4      | Reached XP level 7. HP: 35/45 MP: 0/0
  3497 | D:4      | Learned a level 3 spell: Kindle Blastsparks
  3965 | D:5      | Entered Level 5 of the Dungeon
  4669 | D:5      | Reached XP level 8. HP: 32/50 MP: 0/0
  4874 | D:5      | Found a burning altar of Makhleb.
  5136 | D:5      | Reached skill level 1 in Fighting
  5202 | D:5      | Noticed Duvessa
  5202 | D:5      | Noticed Dowan
  5254 | D:5      | Killed Duvessa
  5255 | D:5      | Reached skill level 2 in Fighting
  5256 | D:5      | Killed Dowan
  5520 | D:5      | Found a white marble altar of Elyvilon.
  5831 | D:5      | Found a basalt altar of Yredelemnul.
  6434 | D:6      | Reached skill level 3 in Fighting
  6757 | D:6      | Reached skill level 4 in Fighting
  7030 | D:6      | Reached XP level 9. HP: 57/62 MP: 0/0
  7030 | D:6      | Learned a level 4 spell: Petrify
  7157 | D:6      | Noticed Menkaure
  7164 | D:6      | Killed Menkaure
  7246 | D:6      | Identified the +5 dagger of the Forgotten Planets
                  | {antimagic, rC+}
  7247 | D:6      | Identified a scroll of acquirement
  7247 | D:6      | Acquired the +0 pair of gloves of the Crypt {rC+ Regen+
                  | Int+4}
  7294 | D:6      | Reached skill level 5 in Fighting
  7474 | D:6      | Noticed Blork the orc
  7485 | D:6      | Killed Blork the orc
  7592 | D:6      | Noticed Edmund
  7637 | D:6      | Reached skill level 6 in Fighting
  7745 | D:6      | Reached * piety under Ashenzari
  7772 | D:6      | Killed Edmund
  8310 | D:7      | Reached skill level 1 in Shields
  8911 | D:8      | Noticed a hornet
  9293 | D:7      | Reached XP level 10. HP: 51/76 MP: 0/0
  9656 | D:8      | Reached skill level 5 in Shields
 10429 | D:8      | Noticed Maurice
 10458 | D:8      | Killed Maurice
 10766 | D:8      | Found a hide-covered altar of Uskayaw.
 10818 | D:8      | Reached ** piety under Ashenzari
 10987 | D:9      | Reached skill level 7 in Fighting
 11368 | D:9      | Found a flagged portal.
 12087 | D:9      | Found a staircase to the Orcish Mines.
 12251 | D:9      | Noticed a two-headed ogre
 12263 | D:9      | Killed a two-headed ogre
 12264 | D:9      | Reached skill level 8 in Fighting
 12264 | D:9      | Reached XP level 11. HP: 79/85 MP: 0/0
 12264 | D:9      | Learned a level 4 spell: Passage of Golubria
 12609 | D:9      | Reached *** piety under Ashenzari
 12669 | Orc:1    | Entered Level 1 of the Orcish Mines
 12706 | D:10     | Entered Level 10 of the Dungeon
 12941 | D:10     | Noticed Lodul
 12959 | D:10     | Killed Lodul
 13350 | D:10     | Reached skill level 1 in Evocations
 13359 | D:10     | Noticed a two-headed ogre
 13377 | D:10     | Killed a two-headed ogre
 13596 | D:10     | Noticed a two-headed ogre
 13607 | D:10     | Killed a two-headed ogre
 13726 | D:10     | Found a shadowy altar of Dithmenos.
 13810 | D:10     | Reached skill level 5 in Evocations
 14892 | D:10     | Found a shimmering altar of Xom.
 15255 | D:11     | Noticed a boulder beetle
 15263 | D:11     | Killed a boulder beetle
 15477 | D:11     | Found a blossoming altar of Fedhas.
 15563 | D:11     | Reached XP level 12. HP: 63/94 MP: 0/0
 15632 | D:11     | Noticed a boulder beetle
 15650 | D:11     | Killed a boulder beetle
 15702 | D:11     | Noticed a boulder beetle
 15713 | D:11     | Killed a boulder beetle
 16041 | D:11     | Reached skill level 5 in Throwing
 16318 | D:11     | Found a staircase to the Lair.
 16389 | D:11     | Noticed Erica
 16392 | D:11     | Killed Erica
 16926 | Lair:1   | Entered Level 1 of the Lair of Beasts
 17829 | Lair:1   | Reached **** piety under Ashenzari
 18013 | Lair:1   | Reached skill level 1 in Long Blades
 18575 | Lair:2   | Acquired a manual of Fighting
 18611 | Lair:1   | Reached skill level 9 in Fighting
 18681 | Lair:1   | Reached XP level 13. HP: 83/102 MP: 0/0
 18681 | Lair:1   | Learned a level 5 spell: Lee's Rapid Deconstruction
 19162 | Lair:2   | Found a staircase to the Snake Pit.
 19178 | Lair:2   | Identified Eloege's Lectures on Shapeshifting
 19257 | Lair:2   | Noticed jasper's ghost (journeyman DgCj)
 19260 | Lair:2   | Found a transporter.
 19263 | Lair:2   | Found a transporter.
 19463 | Lair:2   | Reached skill level 10 in Fighting
 19854 | Lair:2   | Found a transporter.
 19860 | Lair:2   | Found a transporter.
 19911 | Lair:2   | Found a staircase to the Snake Pit.
 19951 | Lair:2   | Reached skill level 11 in Fighting
 20478 | Lair:2   | Reached skill level 12 in Fighting
 21132 | Lair:3   | Reached skill level 13 in Fighting
 21595 | Lair:3   | Found a staircase to the Shoals.
 21894 | Lair:2   | Reached skill level 14 in Fighting
 22730 | Lair:3   | Reached skill level 15 in Fighting
 22876 | Lair:3   | HP: 4/113 [cane toad (8)]
 24526 | Lair:4   | Found a stormy altar of Qazlal.
 25122 | Lair:4   | Reached skill level 5 in Dodging
 25505 | Lair:5   | Entered Level 5 of the Lair of Beasts
 25760 | Lair:4   | Reached XP level 14. HP: 93/121 MP: 0/0
 25770 | Lair:4   | Noticed Rupert
 26390 | D:3      | Bought a faintly humming ring mail for 207 gold pieces
 26390 | D:3      | Identified the +1 ring mail of Youthful Indiscretion {rPois
                  | Will+ Dex+5 Slay-3} (You bought it in a shop on level 3 of
                  | the Dungeon)
 26994 | Orc:2    | Entered Level 2 of the Orcish Mines
 27018 | Orc:2    | Paralysed by an orc sorcerer for 3 turns
 27321 | Orc:2    | Noticed Donald
 27335 | Orc:2    | Found a staircase to the Elven Halls.
 28209 | Orc:2    | Paralysed by an orc sorcerer for 2 turns
 28231 | Orc:2    | Found Lulacw's Armour Emporium.
 28231 | Orc:2    | Found Dixedghepn's Book Shoppe.
 28231 | Orc:2    | Found Evoeny's Distillery.
 28236 | Orc:2    | Found Nacisosch's Antique Weapon Emporium.
 28388 | Orc:2    | Bought 2 potions of heal wounds for 150 gold pieces
 28388 | Orc:2    | Bought a potion of curing for 45 gold pieces
 28388 | Orc:2    | Bought a potion of curing for 45 gold pieces
 28388 | Orc:2    | Bought a potion of curing for 45 gold pieces
 28391 | Orc:2    | Bought a fine flail for 263 gold pieces
 28391 | Orc:2    | Identified the +10 flail of the Jester {heavy, +Blink
                  | rCorr} (You bought it in a shop on level 2 of the Orcish
                  | Mines)
 28960 | D:12     | Reached skill level 10 in Dodging
 29582 | D:12     | Found a glowing silver altar of Zin.
 32916 | D:15     | Entered Level 15 of the Dungeon
 33360 | D:14     | Noticed an ironbound preserver
 33368 | D:14     | Killed an ironbound preserver
 33895 | D:14     | Reached XP level 15. HP: 111/127 MP: 0/0
 33895 | D:14     | Learned a level 6 spell: Summon Cactus Giant
 34111 | D:14     | Reached skill level 10 in Spellcasting
 34689 | D:14     | Found a gate to the Vaults.
 37723 | D:15     | Found a staircase to the Depths.
 38139 | Lair:4   | Killed Rupert
 39248 | Lair:4   | Reached XP level 16. HP: 23/134 MP: 0/0
 40518 | Lair:5   | Reached skill level 1 in Armour
 40718 | Lair:5   | Found a viscous altar of Jiyva.
 40718 | Lair:5   | Found a staircase to the Slime Pits.
 40890 | Lair:5   | Found a burning altar of Makhleb.
 41554 | Lair:5   | Reached skill level 5 in Armour
 41561 | Lair:5   | Found a gateway to Hell.
 41841 | Orc:2    | Killed Donald
 42524 | Lair:2   | Killed jasper's ghost
 42606 | Snake:1  | Entered Level 1 of the Snake Pit
 42651 | Snake:1  | Identified the +1 leather armour of Dyspraxia {*Slow rN+
                  | Str+2}
 44040 | Snake:2  | Noticed a nagaraja
 44052 | Snake:2  | Killed a nagaraja
 44282 | Snake:2  | Noticed Vashnia
 44300 | Snake:2  | Killed Vashnia
 44301 | Snake:2  | Reached XP level 17. HP: 95/138 MP: 0/0
 44301 | Snake:2  | Learned a level 6 spell: Conjure Ball Lightning
 44503 | Shoals:1 | Entered Level 1 of the Shoals
 47071 | Snake:2  | Reached skill level 16 in Fighting
 47357 | Snake:2  | Identified the +2 chain mail of Precision Catastrophes
                  | {rPois rN+ Str+3 Stlth+}
 47463 | Snake:2  | Found Zyusan's General Store.
 47476 | Snake:2  | Bought a wand of polymorph (3) for 42 gold pieces
 47476 | Snake:2  | Bought a wand of mindburst (6) for 84 gold pieces
 47476 | Snake:2  | Bought a potion of brilliance for 40 gold pieces
 48586 | Snake:3  | Identified the +11 longbow "Caeneps" {heavy, rN+}
 51127 | Snake:4  | Entered Level 4 of the Snake Pit
 51872 | Snake:4  | Reached skill level 17 in Fighting
 52389 | Snake:4  | Reached skill level 15 in Dodging
 53744 | Snake:4  | Found a runed translucent door.
 53744 | Snake:4  | Identified the +5 scale mail of Atulub {-Tele rPois rC+}
 53747 | Snake:4  | Identified the +2 robe of Purpose {Harm Will+}
 53750 | Snake:4  | Noticed ooooo's ghost (adept DsCj)
 53799 | Snake:4  | Reached XP level 18. HP: 123/150 MP: 0/0
 56409 | Snake:4  | Reached skill level 18 in Fighting
 57179 | Snake:4  | Got a serpentine rune of Zot
 58416 | Shoals:1 | Identified the +1 buckler of Dice, Bag, and Bottle {rN+}
 59705 | Shoals:2 | Noticed Aizul
 59755 | Shoals:1 | Killed Aizul
 60008 | Shoals:2 | Noticed Mlioglotl
 60013 | Shoals:2 | Noticed Jorgrun
 60297 | Elf:1    | Entered Level 1 of the Elven Halls
 63351 | Elf:1    | Reached XP level 19. HP: 93/160 MP: 0/0
 63351 | Elf:1    | Learned a level 7 spell: Monstrous Menagerie
 64229 | Elf:2    | Reached ***** piety under Ashenzari
 65027 | Elf:2    | Found a runed translucent gate.
 65027 | Elf:2    | Found a runed translucent gate.
 65033 | Elf:2    | Found a runed translucent gate.
 65046 | Elf:2    | Reached skill level 10 in Evocations
 65478 | Elf:2    | Noticed a deep elf blademaster
 65489 | Elf:2    | Killed a deep elf blademaster
 66332 | Elf:2    | Noticed Louise
 66345 | Elf:2    | Killed Louise
 67347 | Elf:3    | Entered Level 3 of the Elven Halls
 69500 | Abyss:3  | Cast into level 3 of the Abyss (a deep elf sorcerer)
 69521 | Abyss:3  | Found a corrupted altar of Lugonu.
 69529 | Abyss:3  | Found a corrupted altar of Lugonu.
 69529 | Abyss:3  | Found a corrupted altar of Lugonu.
 69537 | Abyss:3  | Noticed a profane servitor
 69853 | Abyss:3  | Found a corrupted altar of Lugonu.
 69888 | Abyss:3  | Found a corrupted altar of Lugonu.
 70025 | Abyss:3  | Noticed a bone dragon
 70273 | Abyss:3  | Noticed a lich
 70346 | Abyss:3  | Noticed a bone dragon
 70511 | Abyss:3  | Noticed an ancient lich
 70625 | Abyss:3  | Found a corrupted altar of Lugonu.
 70667 | Abyss:3  | Found a corrupted altar of Lugonu.
 70669 | Abyss:3  | Found a corrupted altar of Lugonu.
 70669 | Abyss:3  | Found a corrupted altar of Lugonu.
 70707 | Abyss:3  | Noticed a profane servitor
 70757 | Abyss:3  | Paralysed by you for 2 turns
 70784 | Abyss:3  | HP: 5/156 [tentacled starspawn (12)]
 70784 | Abyss:3  | Killed from afar by a starcursed mass

Illustrated notes

Levels and vault maps discovered:
D:1:      heliophobic_arrival_ceremonial_halls, layout_basic, serial_shops, shop
D:2:      layout_basic, shapermc_ecumenical_altar_mp_highgroup
D:3:      layout_basic, nicolae_ru_sacrificial_ziggurat,
          mainiacjoe_overflow_concentric_impassable,
          nicolae_overflow_ecumenical_swirl, gammafunk_temple_overflow_elements,
          serial_shops, nicolae_shop_overgrown_old_shop, uniq_terence,
          uniq_jessica
D:4:      layout_basic, temple_doors_e
D:5:      layout_loops_cross, kennysheep_ying_yang, makhleb_blood_cavern_becter,
          uniq_duvessa
D:6:      layout_rooms, uniq_menkaure, uniq_blork_the_orc, uniq_edmund
D:7:      layout_rooms
D:8:      layout_rooms, lemuel_coloured_pillars_altar, hangedman_decor_push,
          st_stairs_2, uniq_maurice
D:9:      layout_long_grid, lemuel_tele_altar, erik_orc_4, enter_bailey_3
D:10:     layout_basic, grunt_dithmenos_shadows, mainiacjoe_overflow_swirl,
          uniq_lodul
D:11:     layout_long_grid, dpeg_oklobed_lair, fedhas_altar_2, uniq_erica
D:12:     layout_cave_pods, minivault_26, zin_academy
D:13:     layout_basic, portal_ice_cave_entry_pillars_1,
          kennysheep_generic_room_15
D:14:     layout_basic, skrybe_vaults_entry_preservation, serial_curves,
          eino_curves_02, eino_curves_03, minmay_misc_feat_roman,
          grunt_ministairs_8
D:15:     grunt_enter_depths_magical_seal, layout_basic
Lair:1:   layout_chaotic_city, lemuel_fruit_tree, infiniplex_staircase_pool_2
Lair:2:   layout_hall_layers, guppyfry_snake_entry_island, nzn_ghost_randoct,
          infiniplex_staircase_pool
Lair:3:   layout_misc_corridors, nicolae_shoals_entry_flooding,
          serial_bayou_pond_c, st_stairs_13, nicolae_quartered_pool_little,
          serial_bayou_shore_a
Lair:4:   layout_cave_pods, basic_altar, lookout_lair_type, grunt_megastairs_5,
          lemuel_fruit_fields, uniq_rupert
Lair:5:   evil_forest, layout_cave_pods, dpeg_slime_entry_corner
Shoals:1: layout_shoals
Shoals:2: layout_shoals, uniq_jorgrun, uniq_aizul, uniq_mlioglotl
Snake:1:  layout_honeycomb
Snake:2:  layout_misc_corridors, minmay_shop_grid_forest, drop_trap,
          nicolae_snake_slithery_corners, serial_bayou_pond_a, uniq_vashnia
Snake:3:  layout_misc_corridors, serial_bayou_pond_a,
          nicolae_snake_biting_tails, nicolae_snake_gridmaze_zigzag
Snake:4:  snake_pit, layout_cave_town, ebering_ghost_inner_flame,
          nicolae_snake_salamander_fort
Orc:1:    layout_caves, kennysheep_orc_chapel
Orc:2:    st_orc_mages, layout_diamond_mine, nicolae_orc_pool_cavern,
          uniq_donald
Elf:1:    layout_geoelf_grid, hangedman_elven_crosses_minicolossus,
          hangedman_elf_simple_split
Elf:2:    nicolae_elf_blades_splatter_lattice [mumra_blade_entry_dagger],
          layout_geoelf_diagonals, uniq_louise
Elf:3:    minmay_elf_hall_spiked, layout_loops_corners
Abyss:3:  base: D:5, hangedman_abyss_town, hangedman_abyss_town,
          abyss_greek_temple, hangedman_abyss_town, gammafunk_corrupted_shrine,
          evilmike_abyss_exit_16, evilmike_abyss_exit_16,
          evilmike_abyss_exit_15, hangedman_abyss_stitches_cave,
          guppyfry_abyss_exit_glass_guarded, nicolae_abyss_rune_left_handed,
          spicy_pingpong_abyss_rune, minivault_23, hangedman_cross_veins,
          gammafunk_abyss_rune_reverse_zot, eino_small_chamber_without_monster,
          hangedman_abyss_theft, due_exit_kobolds

Skill      XL: |  1  2  3  4  5  6  7  8  9 10 11 12 13 14 15 16 17 18 19 |
---------------+----------------------------------------------------------+-----
Spellcasting   | 3 4 5 6 7 8 9 12 13 | 13.3
Fighting       | 4 6 8 9 15 17 18 | 18.5
Shields        | 4 7 |  7.6
Evocations     | 6 8 12 | 12.8
Throwing       | 3 7 |  7.7
Long Blades    | 4 |  4.2
Dodging        | 6 12 15 16 | 16.9
Armour         | 9 |  9.4
Stealth        | 4 |  4.3

Action                     |  1- 3 |  4- 6 |  7- 9 | 10-12 | 13-15 | 16-18 | 19-21 || total
---------------------------+-------+-------+-------+-------+-------+-------+-------++-------
  Melee: Staff             |       |       |       |     4 |     9 |     6 |     3 ||    22
         Scimitar          |       |       |       |       |       |    44 |    12 ||    56
         Flail             |       |       |       |       |       |       |     5 ||     5
   Fire: Sling             |       |     9 |     1 |    44 |       |       |       ||    54
  Throw: Dart              |       |       |       |    22 |    23 |     2 |     4 ||    51
   Cast: Shock             |    75 |    84 |    84 |   197 |   271 |    36 |       ||   747
         Scorch            |       |    11 |   108 |   224 |   422 |   209 |    18 ||   992
         Petrify           |       |       |     2 |       |     8 |     1 |       ||    11
         Slow              |       |       |     2 |       |       |       |       ||     2
         Static Discharge  |       |       |     1 |       |     1 |       |       ||     2
         Kindle Blastspark |       |       |       |    38 |    22 |     1 |       ||    61
         Airstrike         |       |       |       |       |   204 |    36 |   134 ||   374
         Lee's Rapid Decon |       |       |       |       |    24 |     1 |     6 ||    31
         Swiftness         |       |       |       |       |     3 |     1 |       ||     4
         Summon Cactus Gia |       |       |       |       |    28 |    45 |    39 ||   112
         Passage of Golubr |       |       |       |       |       |     4 |    14 ||    18
         Conjure Ball Ligh |       |       |       |       |       |   190 |     2 ||   192
         Monstrous Menager |       |       |       |       |       |       |    62 ||    62
 Invoke: Curse Item        |       |       |     2 |     4 |       |     2 |     1 ||     9
         Shatter the Chain |       |       |       |       |       |     2 |       ||     2
Ability: Evoke Blink       |       |       |       |       |     1 |       |       ||     1
  Evoke: Wand              |       |       |       |    13 |    61 |    13 |       ||    87
         Phial of floods   |       |       |       |       |     3 |     3 |     2 ||     8
         Lightning rod     |       |       |       |       |       |       |     4 ||     4
    Use: Scroll            |       |       |    15 |     4 |    12 |     5 |    14 ||    50
         Potion            |       |       |     4 |       |    20 |     5 |    15 ||    44
 Armour: Robe              |     1 |     8 |     7 |       |       |       |       ||    16
         Leather armour    |       |       |    40 |    71 |   215 |    83 |    58 ||   467
  Dodge: Dodged            |    13 |    14 |    72 |   114 |   423 |   331 |   264 ||  1231
  Block: Other             |     2 |     4 |    34 |       |       |       |       ||    40
         Reflection        |       |       |     2 |    13 |    20 |    65 |    12 ||   112
         Kite shield       |       |       |    23 |   319 |   849 |   431 |   211 ||  1833

Table legend: (Time is in decaauts)
 A = Elapsed time spent in this place.
 B = Non-inter-level travel time spent in this place.
 C = Inter-level travel time spent in this place.
 D = Time resting spent in this place.
 E = Time spent auto-exploring this place.
 F = Levels seen in this place.
 G = Mean time per level.
                   A        B        C        D        E       F      G
               +--------+--------+--------+--------+--------+-----+--------+
         Total |  70927 |  67325 |   3602 |  38584 |  16616 |  32 | 2216.5 |
       Dungeon |  27434 |  25737 |   1697 |  13361 |   8233 |  15 | 1828.9 |
          Lair |  14657 |  13540 |   1117 |   7774 |   3216 |   5 | 2931.4 |
        Shoals |   1855 |   1756 |     99 |    838 |    557 |   2 |  927.5 |
     Snake Pit |  13753 |  13332 |    421 |   8770 |   2407 |   4 | 3438.2 |
  Orcish Mines |   2965 |   2858 |    107 |   1800 |    454 |   2 | 1482.5 |
   Elven Halls |   8964 |   8804 |    160 |   5717 |   1746 |   3 | 2988.0 |
         Abyss |   1296 |   1296 |      0 |    322 |      3 |   1 | 1296.0 |
               +--------+--------+--------+--------+--------+-----+--------+

Top non-repeatable levels by time:
 Snake:3: 5224 daAuts
  Lair:3: 4240 daAuts
   Elf:2: 3744 daAuts
 Snake:4: 3393 daAuts
 Snake:1: 3382 daAuts
   Elf:1: 3054 daAuts
  Lair:2: 3044 daAuts
    D:14: 2960 daAuts
    D:11: 2833 daAuts
  Lair:4: 2742 daAuts
     D:5: 2461 daAuts
  Lair:5: 2434 daAuts
    D:15: 2429 daAuts
   Orc:2: 2336 daAuts
    D:10: 2275 daAuts
